Map: 카이로스 정션 - 래더

Players

DnS - Winner!

  • Race: Protoss Protoss
  • Spawn Location: 11:00

RlSky (RiSky)

  • Race: Zerg Zerg
  • League: Master
  • Spawn Location: 5:00

Event: HomeStory Cup XIX

VOD

Have the link to the VOD?

Description

Time

  • Played on: June 27, 2019, 1:24 p.m.
  • Length: 8:23

All games in this series

Show
View Real Time Build Order
Export as new Build Order

DnS Protoss - Winner!

Build Orders: 1 Gate Expand, Archon Immortal 

Get SALT Encoding   

  12  0:00  Probe  
  13  0:12  Probe  
  14  0:18  Pylon  
  14  0:24  Probe  
  15  0:32  Probe  
  15  0:39  Gateway  
  15  0:40  Probe  
  16  0:46  Assimilator  
  17  0:51  Probe  
  18  1:03  Probe  
  19  1:15  Probe  
  20  1:23  Nexus  
  20  1:33  Cybernetics Core  
  20  1:36  Probe  
  21  1:42  Assimilator  
  21  1:48  Probe  
  21  1:51  Pylon  
  22  1:59  Adept  
  22  2:00  Probe  
  23  2:12  Probe  
  26  2:21  Stalker  
  26  2:23  Robotics Facility  
  26  2:25  Probe  
  26  2:26  Warp Gate  
  27  2:31  Probe  
  31  2:37  Probe  
  31  2:39  Probe  
  32  2:49  Probe x2  
  34  3:00  Sentry, Warp Prism  
  34  3:01  Probe x2  
  40  3:13  Probe x2  
  40  3:19  Pylon  
  42  3:20  Gateway  
  42  3:26  Probe x2  
  44  3:30  Immortal  
  44  3:39  Pylon  
  48  3:42  Probe  
  48  3:43  Probe  
  50  3:54  Probe  
  50  3:55  Probe  
  52  3:59  Assimilator  
  52  4:01  Assimilator  
  52  4:04  Immortal, Pylon  
  52  4:06  Probe  
  52  4:07  Probe  
  58  4:14  Adept  
  60  4:18  Probe  
  60  4:19  Probe  
  62  4:27  Twilight Council  
  62  4:28  Forge  
  62  4:31  Stalker  
  62  4:36  Sentry  
  66  4:42  Probe  
  67  4:46  Pylon  
  67  4:54  Gateway  
  67  4:55  Charge, Immortal, Gateway  
  67  5:04  Pylon  
  71  5:09  Protoss Ground Weapons Level 1  
  71  5:15  Gateway x2  
  71  5:23  Templar Archives  
  71  5:28  Zealot x2  
  71  5:34  Immortal  
  79  5:40  Shield Battery  
  79  5:42  Shield Battery  
  79  5:49  Sentry  
  81  5:50  Sentry, Shield Battery, Zealot  
  81  5:55  Pylon  
  85  6:09  Zealot, Pylon  
  85  6:10  Pylon  
  85  6:14  Zealot x2  
  85  6:15  Zealot  
  91  6:27  Immortal  
  91  6:30  High Templar  
  91  6:31  High Templar  
  99  6:34  Archon  
  99  6:44  Gateway  
  99  6:47  Gateway  
  99  6:50  Gateway  
  99  6:53  High Templar x2  
  103  6:57  Archon  
  103  7:04  Nexus  
  103  7:06  Pylon  
  103  7:07  Zealot  
  105  7:12  Zealot x2  
  109  7:20  Pylon  
  109  7:21  Pylon  
  109  7:27  Zealot x3  
  115  7:32  Pylon  
  115  7:37  Nexus  
  115  7:42  High Templar x3  
  115  7:43  High Templar  
  123  7:47  Archon x2  
  123  7:52  Zealot  
  123  7:53  Zealot x2  
  98  8:13  Zealot x2  
  98  8:15  Zealot x3  
  98  8:16  Zealot x2  
  108  8:20  Zealot  
Show
View Real Time Build Order
Export as new Build Order

RlSky Zerg 

Build Orders: Hatch First 

Get SALT Encoding   

  12  0:00  Drone  
  13  0:12  Overlord  
  13  0:17  Drone  
  14  0:30  Drone x2  
  14  0:34  Drone  
  17  0:50  Hatchery  
  17  0:54  Drone  
  17  0:57  Drone  
  18  1:08  Extractor  
  17  1:12  Spawning Pool  
  17  1:14  Drone  
  17  1:18  Drone  
  18  1:27  Drone  
  19  1:38  Overlord  
  19  1:50  Drone  
  20  1:59  Queen  
  20  2:00  Zergling x2  
  23  2:02  Queen  
  23  2:03  Zergling x2  
  26  2:14  Drone  
  26  2:15  Drone  
  28  2:20  Metabolic Boost  
  28  2:23  Drone  
  28  2:24  Drone  
  28  2:25  Extractor  
  29  2:34  Drone  
  29  2:36  Drone  
  32  2:44  Hatchery  
  31  2:52  Queen  
  31  2:57  Spore Crawler  
  32  3:01  Overlord  
  32  3:03  Drone x2  
  34  3:06  Drone x2  
  36  3:20  Drone x2  
  36  3:21  Drone x5  
  43  3:28  Overlord  
  43  3:31  Drone  
  44  3:37  Roach Warren  
  44  3:40  Drone  
  44  3:47  Drone  
  44  3:48  Drone, Extractor  
  45  3:49  Drone, Extractor  
  45  3:51  Drone  
  45  3:54  Overlord  
  45  3:57  Zergling x2  
  45  4:02  Zergling x4  
  48  4:03  Zergling x4  
  50  4:11  Overlord  
  50  4:14  Drone x2  
  52  4:19  Overlord  
  52  4:23  Roach x4  
  60  4:26  Roach  
  62  4:31  Roach x3  
  62  4:36  Roach x2  
  72  4:41  Roach x2  
  72  4:43  Zergling x2  
  72  4:45  Overlord  
  77  4:51  Overlord  
  77  4:54  Overlord  
  77  4:57  Overlord  
  77  5:04  Zergling x2  
  77  5:05  Zergling x6  
  81  5:09  Overlord  
  81  5:11  Zergling x2  
  81  5:13  Zergling x2  
  83  5:15  Ravager  
  83  5:16  Ravager x3  
  83  5:17  Ravager  
  83  5:18  Zergling x6  
  91  5:25  Zergling x2  
  91  5:26  Zergling x8  
  91  5:28  Ravager  
  97  5:33  Zergling x8  
  101  5:37  Zergling x4  
  101  5:41  Lair  
  102  5:53  Drone  
  103  5:58  Ravager x2  
  105  6:05  Drone x2  
  105  6:06  Drone  
  108  6:13  Drone x2  
  108  6:14  Overlord  
  108  6:15  Drone  
  108  6:16  Drone, Overlord  
  108  6:17  Evolution Chamber  
  111  6:19  Overlord  
  111  6:24  Drone x2  
  101  6:33  Roach x6  
  101  6:36  Roach  
  101  6:39  Roach x3  
  118  6:40  Roach  
  118  6:42  Glial Reconstitution  
  120  6:47  Extractor  
  120  6:48  Roach  
  120  6:51  Roach  
  120  6:54  Overlord  
  123  6:58  Roach x3  
  129  7:02  Overlord  
  129  7:04  Roach x2  
  133  7:09  Overlord  
  133  7:11  Roach x2  
  133  7:14  Overlord  
  137  7:17  Drone x2  
  137  7:18  Drone x2  
  141  7:23  Drone x2  
  141  7:26  Drone  
  141  7:27  Drone  
  145  7:30  Roach x2  
  145  7:35  Roach x2  
  153  7:41  Roach x2  
  157  7:46  Roach  
  157  7:47  Roach  
  160  7:52  Roach x2  
  160  7:58  Ravager  
Tags
 
Add a new tag
Caveats
  • Supply blocks, unpowered buildings, or Contaminate may cause inaccurate times.
  • Supply counts are checked every 10 seconds.